 Dungeon Crawl Stone Soup version 0.25.1-2-g60ff931df9 (webtiles) character file.

Game seed: 14105291511531594653

22 Acheron the Conjurer (level 2, 0/33 HPs)
             Began as a Draconian Conjurer on Aug 21, 2020.
             Slain by an adder (2 damage)
             ... on level 2 of the Dungeon.
             The game lasted 00:06:05 (1001 turns).

Acheron the Conjurer (Draconian Conjurer)           Turns: 1001, Time: 00:06:05

Health: 0/33       AC:  4    Str: 10    XL:     2   Next: 68%
Magic:  5/5        EV: 12    Int: 15    God:
Gold:   40         SH:  0    Dex: 11    Spells: 2/5 levels left

rFire    . . .     SeeInvis .   a - +0 dagger
rCold    . . .     Gourm    .   (no shield)
rNeg     . . .     Faith    .   (armour unavailable)
rPois    .         Spirit   .   (helmet restricted)
rElec    .         Reflect  .   (no cloak)
rCorr    .         Harm     .   (no gloves)
MR       .....                  (no boots)
Stlth    ..........             (no amulet)
HPRegen  0.11/turn              (no ring)
MPRegen  0.09/turn              (no ring)

@: berserking, lethally poisoned (0 -> -10), very quick
A: unfitting armour, cold-blooded, AC +4
a: no special abilities


You were on level 2 of the Dungeon.
You were hungry.

You visited 1 branch of the dungeon, and saw 2 of its levels.

You collected 40 gold pieces.

Inventory:

Hand Weapons
 a - a +0 dagger (weapon)
Missiles
 c - 16 poisoned darts (quivered)
Jewellery
 i - an uncursed amulet of regeneration {unknown}
 j - a +4 ring of evasion {unknown}
Potions
 g - a potion of cancellation {unknown}
Comestibles
 b - 3 rations


   Skills:
 * Level 0.4 Fighting
 * Level 0.3 Short Blades
 * Level 0.8 Throwing
 * Level 1.9 Dodging
 * Level 2.0 Stealth
 * Level 2.1 Spellcasting
 + Level 4.2 Conjurations


You had 2 spell levels left.
You knew the following spells:

 Your Spells              Type           Power        Failure   Level  Hunger
a - Magic Dart            Conj           ##..         3%          1    #......
b - Searing Ray           Conj           ##....       6%          2    ###....

Your spell library contained the following spells:

 Spells                   Type           Power        Failure   Level  Hunger
 Dazzling Flash           Conj/Hex       #.....       28%         3    ###....
 Fulminant Prism          Conj/Hex       #.........   67%         4    #####..
 Iskenderun's Mystic Bla  Conj/Tloc      #.......     67%         4    #####..


Dungeon Overview and Level Annotations

Branches:
Dungeon (2/15)

Altars:


Innate Abilities, Weirdness & Mutations

Your plain brown scales are hard. (AC +4)
You cannot fit into any form of body armour.
You are cold-blooded and may be slowed by cold attacks.


Message History

* * * LOW HITPOINT WARNING * * *
You feel sick. The adder closely misses you.
* * * LOW HITPOINT WARNING * * *
You feel sick.
* * * LOW HITPOINT WARNING * * *
You feel sick. The adder barely misses you.
There is an open door here.
You aren't carrying any scrolls.
It was a potion of berserk rage.
A red film seems to cover your vision as you go berserk!
You feel yourself moving faster!
You feel mighty!
* * * LOW HITPOINT WARNING * * *
You feel sick. The adder bites you.
* * * LOW HITPOINT WARNING * * *
You are more poisoned.
The adder poisons you!
You miss the adder.
* * * LOW HITPOINT WARNING * * *
You feel sick. The adder bites you.
You die...

........#.##.......
.....l...#..........
.........# #........
........###........
.......l..(........
.#....####
#.#####.###.....##.
.........
#.#..#l...#......#.
#..w..r.#
#.#.....#.#.$......
.......
#<@Sg...#.#.####...
..... #.#.....+...#
##.. ...
#.#.....#.#######..
#.######+
#.........#........
#<.......
...........#....###.
#####....
...........####.# .>
. ........#..# #g# ##
.........#..####.####
#....+..#........


You could see an adder (inner flame), a leopard gecko and a hobgoblin (inner
flame).

Vanquished Creatures
  A dart slug (D:1)
  2 leopard geckos
  5 bats (D:1)
  A goblin (D:1)
  A hobgoblin (D:1)
  2 jackals (D:1)
  4 frilled lizards (D:1)
  A kobold (D:1)
  2 rats (D:1)
19 creatures vanquished.

Notes
Turn   | Place    | Note
-------+----------+-------------------------------------------
     0 | D:1      | Acheron the Draconian Conjurer began the quest for the Orb.
     0 | D:1      | Reached XP level 1. HP: 14/14 MP: 3/3
   304 | D:1      | Reached XP level 2. HP: 20/20 MP: 5/5
   308 | D:1      | Learned a level 2 spell: Searing Ray
  1001 | D:2      | Slain by an adder

Illustrated notes

Levels and vault maps discovered:
D:1:      grunt_arrival_crossed_arrows, layout_basic, serial_glass,
          glass_columns_a, glass_columns_c, glass_columns_a, glass_columns_a,
          chequers_serial_rivers_large_a
D:2:      layout_basic, grunt_dithmenos_smoke_and_mirrors

Skill      XL: |  1  2 |
---------------+-------+-----
Stealth        | 2 |  2.0
Fighting       | |  0.4
Short Blades   | |  0.3
Throwing       | |  0.8
Dodging        | |  1.9
Spellcasting   | |  2.1
Conjurations   | |  4.2

Action                   || total
-------------------------++-------
Melee: Dagger            ||    57
       Tailslap          ||     4
Throw: Dart              ||    10
 Cast: Magic Dart        ||    13
  Use: Scroll            ||     2
       Potion            ||     1
 Stab: Sleeping          ||     1
Armor: Skin              ||    25
Dodge: Dodged            ||    63
